 Dungeon Crawl Stone Soup version 0.31-a0-1074-g0b22e4e0f1 (webtiles) character file.

Game seed: 1719821447850051487

9 Smoke131 the Trooper (level 2, 0/31 HPs)
             Began as an Ogre Gladiator on Dec 6, 2023.
             Slain by a frilled lizard (2 damage)
             ... on level 1 of the Dungeon.
             The game lasted 00:02:05 (225 turns).

Smoke131 the Trooper (Ogre Gladiator)                Turns: 225, Time: 00:02:05

Health: 0/31       AC:  3    Str: 17    XL:     2   Next: 16%
Magic:  2/2        EV: 10    Int:  9    God:
Gold:   0          SH:  0    Dex: 10    Spells: 1/1 levels left

rFire   . . .        a - +0 flail
rCold   . . .        (no shield)
rNeg    . . .        b - +0 robe
rPois   .            c - +0 hat
rElec   .            (no cloak)
rCorr   .            (gloves unavailable)
SInv    .            (boots unavailable)
Will    .....        (no amulet)
Stlth   +            (no ring)
HPRegen 0.25/turn    (no ring)
MPRegen 0.08/turn

%: no passive effects
@: no status effects
A: large, unfitting armour, tough skin 1
a: no special abilities


You were on level 1 of the Dungeon.
You visited 1 branch of the dungeon, and saw 1 of its levels.

Inventory:

Hand Weapons
 a - a +0 flail (weapon)
Missiles
 d - 3 throwing nets (quivered)
 e - a large rock
Armour
 b - a +0 robe (worn)
 c - a +0 hat (worn)
Scrolls
 f - 2 scrolls of fear {unknown}
 g - a scroll of identify {unknown}
 h - a scroll of poison {unknown}


   Skills:
 + Level 3.0 Fighting
 + Level 2.8 Maces & Flails
 + Level 2.2 Throwing
 + Level 2.8 Dodging


You had one spell level left.
You didn't know any spells.
Your spell library was empty.

Dungeon Overview and Level Annotations

Branches:
Dungeon (1/15)

Altars:


Innate Abilities, Weirdness & Mutations

You are too large for most types of armour.
You have tough skin. (AC +1)


Message History

You open the door.
An endoplasm comes into view.
The endoplasm quivers.
A quokka and a frilled lizard come into view.
The frilled lizard hisses angrily.
There is an open door here.
The helpless quokka fails to defend itself.
You sock the quokka!
You kill the quokka!
The endoplasm freezes you.
You are frozen.
The endoplasm misses you.
You see here a quokka corpse.
The endoplasm hits you. The frilled lizard bites you.
You miss the frilled lizard. The endoplasm hits you.
The frilled lizard bites you but does no damage.
The endoplasm freezes you.
You are frozen.
The frilled lizard closely misses you.
You barely miss the frilled lizard. The endoplasm freezes you.
You are frozen.
The frilled lizard bites you.
You barely miss the frilled lizard. The endoplasm freezes you.
You are frozen.
* * * LOW HITPOINT WARNING * * *
The frilled lizard closely misses you.
You closely miss the frilled lizard. The endoplasm freezes you.
You are frozen.
* * * LOW HITPOINT WARNING * * *
The frilled lizard bites you but does no damage.
The endoplasm freezes you.
You are frozen.
* * * LOW HITPOINT WARNING * * *
You closely miss the frilled lizard. The frilled lizard barely misses you.
The endoplasm freezes you.
You are frozen.
* * * LOW HITPOINT WARNING * * *
The frilled lizard bites you.
You die...

#############
.............#
.............#
.............#
.............#
.............#
.........J...#
.......l@†...#
######'###### #.......###
#....##...##
#..........#######
.....................
##.#............#########
#.#.....................
....#########...........


You could see an endoplasm and a frilled lizard.

Vanquished Creatures
  2 bats (D:1)
  A giant cockroach (D:1)
  A quokka (D:1)
  A frilled lizard (D:1)
  A goblin (D:1)
  4 kobolds (D:1)
10 creatures vanquished.

Notes
Turn   | Place    | Note
-------+----------+-------------------------------------------
     0 | D:1      | Smoke131 the Ogre Gladiator began the quest for the Orb.
     0 | D:1      | Reached XP level 1. HP: 22/22 MP: 1/1
   111 | D:1      | Reached XP level 2. HP: 9/29 MP: 2/2
   112 | D:1      | Reached skill level 3 in Fighting
   225 | D:1      | Slain by a frilled lizard

Illustrated notes

Levels and vault maps discovered:
D:1:      roderic_crossed_star, layout_basic

Skill      XL: |  1  2 |
---------------+-------+-----
Fighting       | 3 |  3.0
Maces & Flails | |  2.8
Throwing       | |  2.2
Dodging        | |  2.8

Action                     || total
---------------------------++-------
  Melee: Flail             ||    48
   Stab: Sleeping          ||     1
 Armour: Robe              ||    74
  Dodge: Dodged            ||    71

Table legend: (Time is in decaauts)
 A = Elapsed time spent in this place.
 B = Non-inter-level travel time spent in this place.
 C = Inter-level travel time spent in this place.
 D = Time resting spent in this place.
 E = Time spent auto-exploring this place.
 F = Levels seen in this place.
 G = Mean time per level.
                   A        B        C        D        E       F      G
               +--------+--------+--------+--------+--------+-----+--------+
         Total |    238 |    238 |      0 |      0 |    116 |   1 |  238.0 |
       Dungeon |    238 |    238 |      0 |      0 |    116 |   1 |  238.0 |
               +--------+--------+--------+--------+--------+-----+--------+

Top non-repeatable levels by time:
     D:1: 238 daAuts
